[Event "AUT-ch U16 Boys 2022"]
[Site "Sankt Veit an der Glan"]
[Date "2022.04.12"]
[Round "5.3"]
[White "Wendl, Philipp"]
[Black "Gschiel, Alexander"]
[Result "1-0"]
[ECO "B52"]
[WhiteElo "2000"]
[BlackElo "2109"]
[Annotator "TA"]
[PlyCount "69"]
[EventDate "2022.04.11"]
[EventType "swiss"]
[EventCountry "AUT"]
[SourceTitle "playchess.com"]
[Source "ChessBase"]
[SourceQuality "1"]
[TimeControl "5400+30"]

1. e4 c5 2. Nf3 d6 3. Bb5+ Bd7 4. Bxd7+ Qxd7 5. c4 g6 6. d4 {[%emt 0:05:39] B52: Sicilian: Moscow Variation with 3...Bd7.} cxd4 7. Nxd4 Bg7 8. Be3 {[%emt 0:02:10] White has an edge.} Nc6 9. Nc3 Ne5 10. b3 Ng4 11. Bg5 h6 {[%emt 0:10:27] [#]} 12. Bc1 $146 ({Predecessor:} 12. Bh4 a6 13. a4 N8f6 14. f3 Nxe4 15. Nd5 O-O 16. fxe4 g5 17. Bg3 f5 18. exf5 Bxd4 19. Qxd4 Rxf5 20. O-O-O {1-0 (20) Kenning,P (1867)-Clancy,M (1802) Torquay 2019}) 12... Qd8 13. O-O (13. Qxg4 Bxd4 14. Qf3 Nf6 $14) 13... Qa5 14. Bb2 (14. Qxg4 Bxd4 15. b4 Qxb4 $17) 14... Nxh2 15. Kxh2 $18 Qe5+ 16. f4 Qxd4 17. Qe2 Qf6 {[%emt 0:07:06] [#]} 18. e5 (18. Kg1 $1 $16 {Na4 is the strong threat.} Kf8 19. e5) 18... Qh4+ (18... dxe5 $11 19. Nd5 Qh4+ 20. Kg1 Nf6) 19. Kg1 $16 h5 20. Rad1 $36 {[%emt 0:10:42][%mdl 2048] White is on the roll.} Nh6 21. exd6 O-O {[%emt 0:06:29] Strongly threatening ...Bxc3.} 22. Qxe7 {[%emt 0:04:57] 0x0.002037565f53dp-1022s more active pieces.} ({Stronger than} 22. dxe7 Ng4 23. g3 (23. exf8=R+ {gets mated.} Bxf8 24. g3 Qxg3+ 25. Qg2 Bc5+) 23... Qxg3+ 24. Kh1 Qh3+ 25. Kg1 Qg3+ 26. Kh1 Qh4+ 27. Kg1 Rfe8 $11) 22... Bf6 (22... Qxe7 $16 {was necessary.} 23. dxe7 Rfe8) 23. Qe1 $18 {[%emt 0:00:12][%cal Oc3d5] And now Nd5! would win.} Qg4 24. Qf2 Bh4 25. Qf3 Qd7 (25... Qxf3 $142 26. Rxf3 Rfe8) 26. Ne4 {[%emt 0:01:13] Black must now prevent Bf6.} Ng4 {[%emt 0:00:23] Against Bf6} (26... Bd8 27. Rfe1 Kh7) 27. g3 Bd8 28. Rfe1 Rc8 29. Re2 ({Less strong is} 29. Qc3 f6 30. Qd4 Re8 $18) 29... f5 $2 (29... f6 30. c5 Kh7) 30. Ng5 Bxg5 31. fxg5 {[%emt 0:00:05] Threatening mate with Re7.} Rfe8 {[%emt 0:00:22] Prevents Re7.} 32. Qd5+ {[%emt 0:01:13] White mates.} Kh7 33. Rde1 Rxe2 34. Rxe2 Re8 {[%emt 0:02:15] [#]} 35. Qd4 $1 {[%emt 0:00:32][%mdl 512] Weighted Error Value: White=0.32/Black=0.68} 1-0

[Event "AUT-ch U16 Boys 2022"]
[Site "Sankt Veit an der Glan"]
[Date "2022.04.12"]
[Round "5.4"]
[White "Zaytsev, Alexander"]
[Black "Kienboeck, Benjamin"]
[Result "1/2-1/2"]
[ECO "B10"]
[WhiteElo "1837"]
[BlackElo "1900"]
[Annotator "RC"]
[PlyCount "67"]
[EventDate "2022.04.11"]
[EventType "swiss"]
[EventCountry "AUT"]
[SourceTitle "playchess.com"]
[Source "ChessBase"]
[SourceQuality "1"]
[TimeControl "5400+30"]

1. e4 c6 2. Nf3 d5 3. Nc3 dxe4 4. Nxe4 Nf6 5. Qe2 Nxe4 6. Qxe4 Be6 7. b3 Nd7 8. Bb2 Nf6 9. Qe3 Bf5 10. Nd4 Bg6 11. f4 Qd7 12. O-O-O a5 13. a4 h5 14. Re1 h4 15. Bc4 Be4 16. Nf3 Bxf3 17. Qxf3 Rd8 18. Qe2 Qg4 19. Bc3 Qxe2 20. Bxe2 b6 21. Bf3 Kd7 22. f5 Kc7 23. d3 Nd5 24. Bd2 Rd7 25. Re2 Rg8 26. Bh5 g6 27. fxg6 f6 28. Bg4 Rd6 29. Bf5 e5 30. Rf1 Ne7 31. Re4 Nxf5 32. Rxf5 Rxg6 33. Rxh4 Rxg2 34. Rh7+ 1/2-1/2

[Event "AUT-ch U16 Boys 2022"]
[Site "Sankt Veit an der Glan"]
[Date "2022.04.12"]
[Round "5.5"]
[White "Hengl, Philip"]
[Black "Gloessl, Sota Alexander"]
[Result "1/2-1/2"]
[ECO "B01"]
[WhiteElo "1973"]
[BlackElo "1887"]
[Annotator "RC"]
[PlyCount "119"]
[EventDate "2022.04.11"]
[EventType "swiss"]
[EventCountry "AUT"]
[SourceTitle "playchess.com"]
[Source "ChessBase"]
[SourceQuality "1"]
[TimeControl "5400+30"]

1. e4 d5 2. exd5 Nf6 3. Nf3 Qxd5 4. Nc3 Qd6 5. Bc4 Nc6 6. O-O Bg4 7. Be2 a6 8. d3 e6 9. Be3 Be7 10. Qd2 O-O 11. h3 Bh5 12. Rfe1 Qd7 13. Rad1 Rfd8 14. a3 Nd5 15. Nxd5 Qxd5 16. c4 Qd7 17. d4 Bf6 18. g4 Bg6 19. g5 Be7 20. Qc3 e5 21. d5 Nd4 22. Nxd4 exd4 23. Qxd4 Qxh3 24. Qg4 Qxg4+ 25. Bxg4 f6 26. Bd4 Kf8 27. f4 c6 28. Bb6 fxg5 29. Bxd8 Rxd8 30. fxg5 Bxg5 31. d6 c5 32. Kg2 Bf6 33. Rd2 b5 34. cxb5 axb5 35. d7 c4 36. Kg3 h5 37. Be6 Bd3 38. Rf2 Bg6 39. Bh3 Bf7 40. Ree2 Bd5 41. Rf5 h4+ 42. Kh2 Bc6 43. Rd2 Ke7 44. Rc5 Bxd7 45. Rxd7+ Rxd7 46. Bxd7 Kxd7 47. Rxb5 Kc6 48. a4 g5 49. Kh3 Be7 50. Kg4 Bd8 51. Kh3 Be7 52. Kg4 Bd8 53. Rf5 Kb6 54. Rb5+ Kc6 55. Rf5 Kb6 56. a5+ Ka6 57. Rc5 Bxa5 58. Rxc4 Bd2 59. b3 Kb5 60. Re4 1/2-1/2

[Event "AUT-ch U16 Boys 2022"]
[Site "Sankt Veit an der Glan"]
[Date "2022.04.12"]
[Round "5.6"]
[White "Wagner, Leopold Franziskus"]
[Black "Leitner, Thomas"]
[Result "1-0"]
[ECO "A48"]
[WhiteElo "2061"]
[BlackElo "1734"]
[Annotator "TA"]
[PlyCount "91"]
[EventDate "2022.04.11"]
[EventType "swiss"]
[EventCountry "AUT"]
[SourceTitle "playchess.com"]
[Source "ChessBase"]
[SourceQuality "1"]
[TimeControl "5400+30"]

1. d4 Nf6 2. Nf3 g6 3. Bf4 Bg7 4. Nbd2 d5 5. e3 O-O 6. c3 Nbd7 7. Bd3 c5 8. O-O b6 9. Qe2 Bb7 10. Bg3 {[%emt 0:00:53] [#] D02: 1 d4 d5 2 Nf3 sidelines, including 2...Nf6 3 g3 and 2...Nf6 3 Bf4.} Ne4 $146 ({Predecessor:} 10... c4 11. Bc2 b5 12. e4 e6 13. Bd6 Re8 14. e5 Nh5 {0-1 (83) Nossein,F (1705)-Brien,A ICCF email 2010}) 11. Rfd1 Nxg3 12. hxg3 {[%emt 0:00:05] The position is equal.} c4 13. Bc2 Rc8 14. e4 e6 15. e5 Qe7 16. Nf1 f6 17. exf6 Bxf6 18. N1h2 (18. Re1 $14) 18... Rce8 (18... e5 $11) 19. Ba4 $16 a6 20. Bxd7 Qxd7 21. Ng4 Bg7 22. Nge5 {[%emt 0:00:29] Pair of Knights!} Qc7 23. Re1 b5 24. g4 Bc8 (24... Rf4 $142) 25. g3 a5 26. Kg2 Re7 27. Rh1 b4 28. Rae1 Qb6 {[%emt 0:00:52] [#]} 29. Qc2 (29. Rh4 $1 $18 {has better winning chances.}) 29... Bxe5 (29... Rb7 $16 {was worth a try.}) 30. Nxe5 $18 Rg7 31. Rh4 Qd8 32. Qd2 Qf6 (32... g5 $142 33. Rh5 Qf6) 33. g5 ({Not} 33. cxb4 g5 34. Rh3 axb4 $16) 33... Qe7 34. Ng4 b3 (34... Bd7 {keeps fighting.} 35. cxb4 axb4 36. Nf6+ Rxf6) 35. a3 Qc7 36. Reh1 Qe7 37. Nf6+ Rxf6 38. gxf6 Qxf6 39. Rf4 Qe7 40. Qe3 Qc7 41. Rf6 Re7 (41... a4 $142 42. g4 Qe7) 42. Qf3 {[%emt 0:00:27] [#] Rf8+ would kill now.} ({Weaker is} 42. Qh6 Rg7 43. Rh4 Qe7 $18) 42... Qd8 {[%emt 0:00:28] Prevents Rf8+.} (42... Re8 $142 43. Rh4 Qg7) 43. Qf4 $2 (43. Rxg6+ Rg7 44. Rxg7+ Kxg7 45. Qf4) 43... Qe8 $2 (43... Rg7 44. Rh6 Qe7) 44. Qe5 {[%emt 0:00:28] White is clearly winning.} a4 45. Rh4 Rg7 46. Rhf4 {[%emt 0:00:11] Weighted Error Value: White=0.31/Black=0.36} 1-0

[Event "AUT-ch U16 Boys 2022"]
[Site "Sankt Veit an der Glan"]
[Date "2022.04.12"]
[Round "5.7"]
[White "Hersel, Richard"]
[Black "Kuti, Oliver"]
[Result "1-0"]
[ECO "A45"]
[WhiteElo "1832"]
[BlackElo "1970"]
[Annotator "RC"]
[PlyCount "115"]
[EventDate "2022.04.11"]
[EventType "swiss"]
[EventCountry "AUT"]
[SourceTitle "playchess.com"]
[Source "ChessBase"]
[SourceQuality "1"]
[TimeControl "5400+30"]

1. d4 Nf6 2. Bg5 Ne4 3. Bf4 d5 4. Nd2 Nxd2 5. Qxd2 e6 6. Nf3 c5 7. e3 b6 8. a4 a6 9. Be2 Nc6 10. Ne5 Bb7 11. Bh5 g6 12. Bf3 Bg7 13. h4 Rc8 14. Nxc6 Bxc6 15. h5 g5 16. Bg3 O-O 17. h6 Bh8 18. Rh5 f5 19. Be2 Be8 20. Rh1 a5 21. Bh5 Rf6 22. f4 Bxh5 23. fxg5 Rf8 24. Rxh5 Qe8 25. Rh3 cxd4 26. exd4 Rc4 27. c3 Rxa4 28. Rxa4 Qxa4 29. Qe2 Qe8 30. Be5 Bxe5 31. Qxe5 Qg6 32. Kf2 Re8 33. Kf3 Re7 34. Kf4 Kf7 35. Qd6 Rb7 36. Qd8 Re7 37. Qh8 Re8 38. Qe5 Re7 39. Qe2 Kf8 40. Re3 Kf7 41. Rh3 Ke8 42. Qe5 Kf7 43. Rh1 Ke8 44. Qf6 Qf7 45. Ke5 Rb7 46. Qh8+ Qf8 47. Qxf8+ Kxf8 48. g6 Ke7 49. gxh7 Rb8 50. Rh3 f4 51. Rh4 f3 52. gxf3 Rf8 53. Rf4 Rh8 54. Rg4 Rxh7 55. Rg7+ Rxg7 56. hxg7 Kf7 57. g8=Q+ Kxg8 58. Kxe6 1-0

[Event "AUT-ch U16 Boys 2022"]
[Site "Sankt Veit an der Glan"]
[Date "2022.04.12"]
[Round "5.8"]
[White "Miazhynski, Michael"]
[Black "Weixler, Moritz"]
[Result "1-0"]
[ECO "A10"]
[WhiteElo "2047"]
[BlackElo "1190"]
[Annotator "RC"]
[PlyCount "41"]
[EventDate "2022.04.11"]
[EventType "swiss"]
[EventCountry "AUT"]
[SourceTitle "playchess.com"]
[Source "ChessBase"]
[SourceQuality "1"]
[TimeControl "5400+30"]

1. c4 f5 2. Nc3 Nf6 3. g3 g6 4. Bg2 Bg7 5. Nf3 O-O 6. O-O d6 7. Rb1 e5 8. d3 c6 9. b4 Re8 10. Qb3 Be6 11. Ng5 Bc8 12. c5+ d5 13. e4 Kf8 14. exd5 cxd5 15. Nxd5 Qd7 16. b5 Nxd5 17. Bxd5 h6 18. c6 bxc6 19. Ba3+ Re7 20. Bxc6 Nxc6 21. Qf7# 1-0

[Event "AUT-ch U16 Boys 2022"]
[Site "Sankt Veit an der Glan"]
[Date "2022.04.12"]
[Round "5.9"]
[White "Giselbrecht, Jerrik"]
[Black "Stadlinger, Lukas"]
[Result "1-0"]
[ECO "C50"]
[WhiteElo "1707"]
[BlackElo "1718"]
[Annotator "NA RC"]
[PlyCount "33"]
[EventDate "2022.04.11"]
[EventType "swiss"]
[EventCountry "AUT"]
[SourceTitle "playchess.com"]
[Source "ChessBase"]
[SourceQuality "1"]
[TimeControl "5400+30"]

1. e4 e5 2. Nf3 Nc6 3. Bc4 Bc5 4. O-O d6 5. c3 Nf6 6. d3 Bg4 7. Nbd2 O-O 8. h3 Bh5 9. Re1 Re8 10. Nf1 Qd7 11. Ng3 Bg6 12. Nh4 d5 13. exd5 Nxd5 14. Nxg6 hxg6 15. Ne4 Bb6 16. Qf3 a6 17. Bxd5 1-0

[Event "AUT-ch U16 Boys 2022"]
[Site "Sankt Veit an der Glan"]
[Date "2022.04.13"]
[Round "6.1"]
[White "Hofstadler, Mario"]
[Black "Wendl, Philipp"]
[Result "1/2-1/2"]
[ECO "A05"]
[WhiteElo "2090"]
[BlackElo "2000"]
[Annotator "TA"]
[PlyCount "42"]
[EventDate "2022.04.11"]
[EventType "swiss"]
[EventCountry "AUT"]
[SourceTitle "playchess.com"]
[Source "ChessBase"]
[SourceQuality "1"]
[TimeControl "5400+30"]

1. Nf3 Nf6 2. g3 d5 3. Bg2 e6 4. d4 Be7 5. O-O O-O 6. c4 dxc4 7. Qc2 a6 8. Qxc4 b5 9. Qc2 Bb7 10. Bf4 Nc6 11. Qd2 {[%emt 0:17:24] [#] E05: Open Catalan: 5 Nf3 Be7.} Ne4 $146 ({Predecessor:} 11... Qc8 12. Rd1 Rd8 13. Qc1 b4 14. e3 Nd5 15. Nbd2 a5 16. Nc4 a4 17. e4 Nf6 18. e5 Nd5 {0-1 (49) Taksrud,V (2079)-Puzone,M (2405) ICCF email 2011}) 12. Qd1 Bf6 13. Nc3 Nxc3 14. bxc3 Na5 15. Qc2 {[%emt 0:09:31] Prevents Be4.} Rc8 16. Rfd1 Qd5 {[%emt 0:04:31] [#] Prevents e4.} (16... g5 $14 17. Bc1 c5) 17. a4 $1 $16 Qb3 18. Qc1 (18. Qd3 $18 b4 19. cxb4 Qxd3 20. Rxd3) 18... Qd5 (18... Bxf3 $16 19. Bxf3 Qc4) 19. Qc2 {[%emt 0:03:47] aiming for axb5.} Qb3 20. Qc1 {[%emt 0:00:10] Nd2 is the strong threat.} Qd5 $1 21. Qc2 {[%emt 0:00:30] [#] Hoping for axb5.} Qb3 $1 {Weighted Error Value: White=0.51/Black=0.18 (very precise)} 1/2-1/2

[Event "AUT-ch U16 Boys 2022"]
[Site "Sankt Veit an der Glan"]
[Date "2022.04.13"]
[Round "6.2"]
[White "Lerch, Johannes"]
[Black "Borrmann, Laurenz"]
[Result "1/2-1/2"]
[ECO "B10"]
[WhiteElo "2229"]
[BlackElo "2232"]
[Annotator "TA"]
[PlyCount "53"]
[EventDate "2022.04.11"]
[EventType "swiss"]
[EventCountry "AUT"]
[SourceTitle "playchess.com"]
[Source "ChessBase"]
[SourceQuality "1"]
[TimeControl "5400+30"]

1. e4 c6 2. Nf3 d5 3. d3 dxe4 4. dxe4 Qxd1+ 5. Kxd1 Nf6 6. Nfd2 {[%emt 0:00:14] B10: Caro-Kann: 2 d3 and 2 c4.} h5 7. f3 g5 8. a4 h4 9. Nc3 {[%emt 0:03:20] [#]} g4 $146 ({Predecessor:} 9... Bh6 10. e5 Nd5 11. Nde4 g4 12. Nxd5 cxd5 13. Nc3 Be6 14. Bxh6 Rxh6 15. f4 Nc6 {1-0 (39) Deac,B (2625)-Motylev,A (2641) Chess.com INT 2021}) 10. f4 Nh5 11. Ne2 (11. Nb3 $11) 11... Nd7 12. e5 Nc5 13. b4 Ne6 (13... Na6 $5 14. c3 Nc7 $11) 14. Nc4 Neg7 15. Ne3 Be6 (15... Bf5 $5) 16. Ke1 Rg8 17. g3 Nf5 18. Kf2 h3 (18... Nxe3 $11 {remains equal.} 19. Bxe3 f6) 19. c3 (19. Rg1 $16) 19... f6 20. Nd4 Nxd4 21. cxd4 Rd8 (21... Bh6 $14) 22. f5 $16 Bc8 {[%emt 0:00:14] [#]} 23. e6 $1 Rxd4 24. Nc2 Rd5 ({Resist} 24... Rd1 25. b5 $16) 25. Ne3 Rd4 26. Nc2 (26. Be2 $16) 26... Rd5 $1 $11 ({Much less strong is} 26... Rd1 27. b5 $16) 27. Ne3 {[%emt 0:00:06] Weighted Error Value: White=0.23 (precise) /Black=0.18 (very precise)} 1/2-1/2

[Event "AUT-ch U16 Boys 2022"]
[Site "Sankt Veit an der Glan"]
[Date "2022.04.13"]
[Round "6.3"]
[White "Marakovits, Nico"]
[Black "Wagner, Leopold Franziskus"]
[Result "1-0"]
[ECO "A58"]
[WhiteElo "2249"]
[BlackElo "2061"]
[Annotator "TA"]
[PlyCount "65"]
[EventDate "2022.04.11"]
[EventType "swiss"]
[EventCountry "AUT"]
[SourceTitle "playchess.com"]
[Source "ChessBase"]
[SourceQuality "1"]
[TimeControl "5400+30"]

1. d4 Nf6 2. c4 c5 3. d5 b5 4. cxb5 a6 5. bxa6 g6 (5... e6 $11) 6. Nc3 $14 {[%emt 0:00:11] A58: Benko/Volga Gambit: Lines with 5 bxa6.} Bg7 7. a7 Rxa7 8. e4 {[%emt 0:00:13] White is slightly better.} O-O 9. Nf3 e6 10. Be2 exd5 11. exd5 d6 12. O-O Re8 13. Nd2 Rae7 (13... Na6 $11) 14. Bb5 $16 Ba6 15. a4 Bxb5 16. axb5 {[%emt 0:04:52] [#]} Nbd7 $146 ({Predecessor:} 16... Qd7 17. h3 h6 18. Qf3 Re5 19. Nc4 Rf5 20. Qg3 Bf8 21. Qd3 h5 22. Be3 Qe7 {1-0 (45) Ovchinnikov,V (2346)-Gashev,M (1846) Ekaterinburg 2019}) 17. Nc4 Ne5 18. Ne3 (18. Nxe5 $16 Rxe5 19. Bf4) 18... Ned7 $14 19. Nc4 (19. Bd2 $1 $14) 19... Ne5 $16 {[%emt 0:00:08] [#]} 20. Nxe5 Rxe5 21. Bf4 $36 {[%emt 0:02:09][%mdl 2048] White is really pushing.} Rf5 22. Be3 ({White should play} 22. g3 $16) 22... h5 $14 23. h3 $1 {[%emt 0:01:01] Prevents Ng4. Hoping for Ra6.} Ne4 (23... Nd7 $1 $14) 24. Qd3 Nxc3 {[%emt 0:12:35] A mistake that costs the game.} (24... Rfe5 $16) 25. bxc3 $18 Qh4 26. b6 c4 $2 (26... Rb8 {might work better.} 27. Rfb1 Re5) 27. Qd2 {[%emt 0:05:17] White is clearly winning.} Rb8 28. Rfb1 Rb7 (28... Qe4 $142 29. Rb5 Qe8) 29. Ra7 Qe4 30. Rb5 Qe7 31. Rba5 {[%emt 0:00:38] [#] Strongly threatening Rxb7.} Re5 32. Rxb7 Qxb7 33. Ra7 {[%emt 0:00:08] Weighted Error Value: White=0.17 (very precise) /Black=0.37} 1-0

[Event "AUT-ch U16 Boys 2022"]
[Site "Sankt Veit an der Glan"]
[Date "2022.04.13"]
[Round "6.4"]
[White "Gschiel, Alexander"]
[Black "Hersel, Richard"]
[Result "1/2-1/2"]
[ECO "C43"]
[WhiteElo "2109"]
[BlackElo "1832"]
[Annotator "TA"]
[PlyCount "134"]
[EventDate "2022.04.11"]
[EventType "swiss"]
[EventCountry "AUT"]
[SourceTitle "playchess.com"]
[Source "ChessBase"]
[SourceQuality "1"]
[TimeControl "5400+30"]

1. e4 e5 2. Nf3 Nf6 3. d4 Nxe4 4. Bd3 d5 5. Nxe5 Bd6 6. Nc3 Nxc3 {[%emt 0:11:37] C43: Petroff Defence: 3 d4.} 7. bxc3 Nd7 8. O-O $1 Nxe5 9. dxe5 $40 {[%emt 0:00:22][%mdl 128] Black needs to defend precisely.} Bc5 10. Qh5 Be6 11. Rb1 {[%emt 0:03:54] [#]} Qd7 $146 ({Predecessor:} 11... b6 12. Bb5+ Kf8 13. Kh1 f6 14. f4 g6 15. Qh6+ Kf7 16. f5 Bxf5 17. Bd3 Bf8 {0-1 (39) Saponara,N (1838)-Zordan,A (1488) Padova 2008}) 12. Qg5 f6 (12... Kf8 $14) 13. Qh5+ $2 (13. exf6 $18 gxf6 14. Qxf6) 13... Bf7 14. Qe2 (14. Qh4 $5 fxe5 15. Rxb7 $14) 14... O-O-O 15. Be3 Bxe3 16. Qxe3 d4 (16... Kb8 $11 {keeps the balance.}) 17. cxd4 $16 Qxd4 (17... b6 $16 {is a better defense.} 18. Rfe1 fxe5) 18. Be4 $2 (18. Qf3 Bd5 19. Qh3+ Kb8 $11) (18. Qh3+ $1 $18 Kb8 19. e6) 18... c6 $2 (18... b6 $1 $15 {stays ahead.}) 19. Qf3 (19. Qh3+ $1 $18 {has better winning chances.} Kc7 20. e6 $1 Qxe4 21. exf7) 19... Kc7 (19... Qd7 $142) 20. exf6 Qxf6 (20... gxf6 $16 21. Rfd1 Qe5) 21. Qa3 $1 $18 Kb8 (21... Ra8 22. Qg3+ Kc8) 22. Qa6 $1 b6 {[%emt 0:00:01] [#]} (22... Qe7 $142 23. Bxc6 Rd7 24. Bxd7 Qxd7) 23. a4 $2 (23. Rxb6+ $1 $18 {[%mdl 512] and the rest is easy.} axb6 24. Qxb6+ Kc8 25. Bf5+ $1 Rd7 26. Rb1 $1) 23... Rd4 $16 {[%emt 0:01:20] [#]} 24. Bd3 (24. Rxb6+ $1 $16 axb6 25. Qxb6+ Kc8 26. Bxc6) 24... Be6 $11 25. c3 {[%emt 0:04:27] [#]} (25. Rfe1 $11 Bc8 26. Qa5) 25... Rd6 ({Black should try} 25... Bc8 $1 $17 26. Rxb6+ Ka8 27. cxd4 Bxa6 28. Rxa6 Qxd4) 26. Be4 {[%emt 0:02:48] Threatens to win with a5.} Qf4 $2 {[%emt 0:00:59] [#]} (26... Qf7 $11 27. Qa5 Qc7) 27. f3 $2 (27. a5 $1 $18 Bc8 28. Qc4) 27... Bc8 ({Better is} 27... Qe3+ $17 28. Kh1 Qc5) 28. Qc4 Be6 29. Qb4 Rd2 (29... Qe3+ $11 30. Kh1 c5) 30. Bxc6 $14 Qe3+ (30... Qg5 31. f4 Qd8 32. f5 $16) 31. Kh1 {[%emt 0:00:01] Really sharp!} Qe2 $2 (31... Rc8 $1 $14 32. Rfe1 (32. Qe7 $2 Rxc6 33. Qxg7 Rc7 $19) (32. Qb5 Ba2 $11) 32... Qg5) 32. f4 $2 (32. Qf4+ $18 Kc8 33. Qg5) 32... Bh3 $2 {[%emt 0:00:30][%mdl 8192] [#]} 33. Qe4 $2 (33. Rg1 $1 $18) 33... Qxe4 $11 34. Bxe4 Re8 35. Bf3 Bf5 36. Rbe1 Rxe1 37. Rxe1 {[%emt 0:00:01][%mdl 4096] Endgame KRB-KRB} Kc7 38. Re7+ Rd7 39. Re8 Rd8 (39... Bc2 $11) 40. Re5 ({Of course not} 40. Re7+ $6 Rd7 41. Re5 Bc2 $11) (40. Rxd8 $16 Kxd8 41. Bd1) 40... Bc2 41. Bg4 Rf8 42. g3 {[%emt 0:00:27] Strongly threatening Re7+.} Rf7 {[%emt 0:00:10] Inhibits Re7+.} 43. a5 Ba4 44. Kg1 {[%emt 0:00:37] &Bianco is more active.} Bd7 45. Be2 Kd6 (45... bxa5 $14 46. Rxa5 Kb6 47. Ra6+ Kb7) 46. Bf3 Bc6 47. Bxc6 Kxc6 48. axb6 Kxb6 $16 {[%emt 0:00:24] KR-KR} 49. Kf2 a5 50. Ke2 Rd7 ({Don't play} 50... a4 51. Kd3 $16) 51. c4 Ra7 52. Kd2 a4 53. Kc2 a3 {[%emt 0:00:11] Hoping for ...a2.} 54. Kb1 a2+ 55. Ka1 Kc6 56. f5 h6 57. g4 Kd6 58. Rd5+ Kc6 59. f6 gxf6 60. Rf5 Kd6 $2 (60... Ra4 $11 {and Black stays safe.}) 61. Rxf6+ $18 Kc5 62. Rxh6 Kxc4 63. Rf6 $2 (63. g5 $18) 63... Kd5 $11 {[%emt 0:00:24] The position is equal.} 64. Rf2 Ra4 65. Rg2 {[%emt 0:00:56] g5 is the strong threat.} Ke6 $1 66. g5 {[%emt 0:00:19] And now g6 would win.} Kf7 67. h3 Kg6 {[%emt 0:00:27] Weighted Error Value: White=0.62/Black=0.69} 1/2-1/2

[Event "AUT-ch U16 Boys 2022"]
[Site "Sankt Veit an der Glan"]
[Date "2022.04.13"]
[Round "6.5"]
[White "Kienboeck, Benjamin"]
[Black "Hengl, Philip"]
[Result "1-0"]
[ECO "C65"]
[WhiteElo "1900"]
[BlackElo "1973"]
[Annotator "RC"]
[PlyCount "43"]
[EventDate "2022.04.11"]
[EventType "swiss"]
[EventCountry "AUT"]
[SourceTitle "playchess.com"]
[Source "ChessBase"]
[SourceQuality "1"]
[TimeControl "5400+30"]

1. e4 e5 2. Nf3 Nc6 3. Bb5 Nf6 4. d3 Bc5 5. Bxc6 dxc6 6. Nbd2 Be6 7. O-O Bd6 8. a4 Qe7 9. b3 Nd7 10. Qe2 g5 11. Ne1 h5 12. g3 Bg4 13. f3 Bh3 14. Ng2 O-O-O 15. Nc4 Nf8 16. Nxd6+ cxd6 17. Qe3 Ne6 18. Qxa7 Nd4 19. Be3 Ne2+ 20. Kf2 Bxg2 21. Kxg2 h4 22. Bb6 1-0

[Event "AUT-ch U16 Boys 2022"]
[Site "Sankt Veit an der Glan"]
[Date "2022.04.13"]
[Round "6.6"]
[White "Gloessl, Sota Alexander"]
[Black "Zaytsev, Alexander"]
[Result "1-0"]
[ECO "B23"]
[WhiteElo "1887"]
[BlackElo "1837"]
[Annotator "NA RC"]
[PlyCount "93"]
[EventDate "2022.04.11"]
[EventType "swiss"]
[EventCountry "AUT"]
[SourceTitle "playchess.com"]
[Source "ChessBase"]
[SourceQuality "1"]
[TimeControl "5400+30"]

1. e4 c5 2. Nc3 Nc6 3. Nge2 Nf6 4. g3 d5 5. exd5 Nd4 6. Nxd4 cxd4 7. Nb5 Qb6 8. c3 $1 Nxd5 9. Qb3 (9. Nxd4 $16 Nf6 10. Qb3) 9... Qe6+ 10. Kd1 a6 11. Qxd5 axb5 12. Bxb5+ Bd7 13. Qxb7 Rd8 14. Bxd7+ Rxd7 15. Qc8+ Rd8 16. Qxe6 fxe6 17. Re1 dxc3 18. bxc3 Kf7 19. Kc2 g6 20. d4 Bg7 21. Bf4 Rc8 22. Be5 Bxe5 23. Rxe5 ({Less strong is} 23. dxe5 Rc5 24. a4 Rhc8 $18) 23... Rc4 24. Kd3 Rhc8 25. Rc1 Ra4 26. Rc2 Rca8 27. Rce2 R8a6 28. f4 Ke8 29. Rxe6 Rxe6 30. Rxe6 Rxa2 31. Re2 Ra3 32. Kc4 Kd7 33. Kb4 Ra1 34. c4 Rb1+ 35. Kc5 $18 e6 36. Ra2 Rb7 37. Ra6 Rc7+ 38. Kb5 Rb7+ 39. Rb6 Ra7 40. c5 Rc7 41. Ka6 Rc8 42. Rd6+ Ke7 43. Kb7 Rf8 44. Kc7 Ra8 45. Rd7+ Ke8 46. Kd6 Ra5 47. Rxh7 1-0

[Event "AUT-ch U16 Boys 2022"]
[Site "Sankt Veit an der Glan"]
[Date "2022.04.13"]
[Round "6.7"]
[White "Giselbrecht, Jerrik"]
[Black "Miazhynski, Michael"]
[Result "0-1"]
[ECO "A05"]
[WhiteElo "1707"]
[BlackElo "2047"]
[Annotator "TA"]
[PlyCount "68"]
[EventDate "2022.04.11"]
[EventType "swiss"]
[EventCountry "AUT"]
[SourceTitle "playchess.com"]
[Source "ChessBase"]
[SourceQuality "1"]
[TimeControl "5400+30"]

1. Nf3 Nf6 2. d4 c5 3. e3 g6 4. c4 Bg7 5. Nc3 O-O 6. Be2 cxd4 7. exd4 d5 8. O-O Nc6 9. Be3 Bf5 (9... dxc4 {keeps more tension.} 10. Bxc4 Bg4 11. h3 Bxf3 12. Qxf3 Nxd4 13. Qxb7 Nc2) 10. Rc1 {[%emt 0:09:51] D94: Grünfeld: 4 Nf3 Bg7 5 e3.} Rc8 11. c5 Ne4 12. Bb5 {[%emt 0:09:23] [#]} (12. Qb3 $11) 12... Nxc3 $146 ({Predecessor:} 12... Bg4 13. Be2 Nxc3 14. Rxc3 e6 15. a3 a5 16. h3 Bxf3 17. Bxf3 Qe7 18. Rd3 Rfd8 19. Bf4 h6 20. Re1 Qf6 21. Be5 Nxe5 22. Rxe5 Rxc5 23. Rxe6 fxe6 24. dxc5 Qxb2 {½-½ (45) Ladanyi,Z (2122)-Balogh,L (2142) Balatonlelle 2005}) 13. bxc3 Bg4 14. Ba4 Qa5 15. Bb3 Rfd8 16. h3 Bf5 (16... Bxf3 $11 17. Qxf3 e6) 17. Qd2 (17. g4 $5 Be6 18. Ng5 $16) 17... b6 18. cxb6 Qxb6 19. Bc2 (19. g4 $11 Be6 20. Rb1) 19... Bxc2 $15 20. Rxc2 Na5 21. Qe2 Nc4 22. Bf4 Rd7 23. Be5 f6 {[%emt 0:05:44] &Nero is more active.} 24. Bf4 Re8 (24... e5 $15 25. dxe5 fxe5) 25. Nd2 $11 Na3 {[%emt 0:01:10] [#]} (25... Nxd2 $11 26. Qxd2 Qc6) 26. Rcc1 ({White should play} 26. Rb2 $1 $14 Qxb2 (26... Qc6 27. Rb3) 27. Qe6+ Kf8 28. Qxd7) 26... e5 27. Rfd1 (27. dxe5 $11 fxe5 28. c4) 27... Re6 (27... Rc7 $15) 28. dxe5 fxe5 29. Bg3 Qb2 (29... Bh6 $11 {keeps the balance.}) 30. Qg4 Ree7 (30... Red6 $14) 31. Bh4 Rf7 32. Qa4 ({White should try} 32. Qe6 $14) 32... Bh6 (32... Qxa2 $2 33. Ra1 Qc2 34. Qxa3 $18) 33. Ra1 $2 {[%emt 0:00:35][%mdl 8192] [#]} Bxd2 $19 34. Rxd2 Qxa1+ {[%emt 0:00:10] Weighted Error Value: White=0.59/Black=0.32} 0-1